 Dungeon Crawl Stone Soup version 0.19-a0-1815-g4007336 (webtiles) character file.

5182 Alarkh the Grave Robber (level 10, -12/79 HPs)
             Began as a Mummy Necromancer on Oct 5, 2016.
             Was an Elder of Okawaru.
             Killed from afar by a deep elf mage (28 damage)
             ... with a bolt of lightning
             ... on level 9 of the Dungeon.
             The game lasted 00:18:39 (8970 turns).

Alarkh the Grave Robber (Mummy Necromancer)         Turns: 8970, Time: 00:18:39

Health: -12/79     AC:  3    Str: 12    XL:     10   Next: 34%
Magic:  3/18       EV: 15    Int: 17    God:    Okawaru [****..]
Gold:   495        SH:  0    Dex: 13    Spells: 3 memorised, 12 levels left

rFire  x . .     SeeInvis +     b - +1 long sword (freeze)
rCold  + . .     Gourm    .     u - +0 robe {MR+}
rNeg   + + +     Faith    .     (no shield)
rPois  ∞         Spirit   .     (no helmet)
rElec  .         Dismiss  .     (no cloak)
rCorr  .         Reflect  .     (no gloves)
MR     ++...     Harm     .     B - +0 pair of boots
Stlth  +++.......               (no amulet)
                                t - ring of stealth
                                z - ring of see invisible

@: no status effects
A: no food or potions, fire vulnerability, cold resistance 1, negative energy
resistance 3, torment resistance, unbreathing
a: Heroism, Renounce Religion


You were on level 9 of the Dungeon.
You worshipped Okawaru.
Okawaru was greatly pleased with you.
You were not hungry.

You visited 2 branches of the dungeon, and saw 10 of its levels.

You collected 495 gold pieces.

Inventory:

Hand Weapons
 a - a +2 flail of protection
 b - a +1 long sword of freezing (weapon)
 o - a +2 dagger of draining
 G - a +1 scimitar
 H - a +0 hand axe of electrocution
Armour
 k - a +0 robe
 u - a +0 robe of magic resistance (worn)
 B - a +0 pair of boots (worn)
Jewellery
 d - an uncursed ring of fire
 i - an uncursed ring of stealth
 t - a ring of stealth (right hand)
 z - a ring of see invisible (left hand)
Wands
 j - a wand of random effects (33/48)
 v - a wand of confusion (25/48)
 w - a wand of lightning (6/15)
 y - a wand of polymorph (15/24)
 C - a wand of disintegration (11/24)
Scrolls
 e - a scroll of identify
 f - 3 scrolls of remove curse
 g - 2 scrolls of magic mapping
 h - 2 scrolls of enchant weapon
 l - a scroll of vulnerability {unknown}
 n - a scroll of teleportation
 p - 2 scrolls of fog
 r - 2 scrolls of recharging
 s - 2 scrolls of enchant armour {unknown}
 A - a scroll of blinking
 D - a scroll of fear {unknown}
 E - 3 scrolls of immolation {unknown}
Books
 m - a book of Necromancy

   Spells                             Type                      Level
   a - Pain                           Necromancy                   1
   b - Animate Skeleton               Necromancy                   1
   c - Vampiric Draining              Necromancy                   3
   d - Regeneration                   Charms/Necromancy            3
   e - Animate Dead                   Necromancy                   4
   f - Control Undead                 Necromancy                   4
 q - a book of Changes

   Spells                             Type                      Level
   a - Beastly Appendage              Transmutation                1
   b - Sticks to Snakes               Transmutation                2
   c - Spider Form                    Transmutation/Poison         3
   d - Ice Form                       Ice/Transmutation            4
   e - Blade Hands                    Transmutation                5
 x - a book of Cantrips

   Spells                             Type                      Level
   a - Confusing Touch                Hexes                        1
   b - Animate Skeleton               Necromancy                   1
   c - Summon Small Mammal            Summoning                    1
   d - Apportation                    Translocation                1
Miscellaneous
 c - a phantom mirror


   Skills:
 + Level 7.0 Fighting
 * Level 2.5 Long Blades
 + Level 5.9 Armour
 + Level 6.4 Dodging
 - Level 1.5 Stealth
 - Level 5.7 Spellcasting
 - Level 7.0 Necromancy


You had 12 spell levels left.
You knew the following spells:

 Your Spells              Type           Power        Failure   Level  Hunger
a - Pain                  Necr           ####         1%          1    N/A
b - Vampiric Draining     Necr           ####......   1%          3    N/A
c - Control Undead        Necr           ####......   10%         4    N/A

Dungeon Overview and Level Annotations

Branches:
Dungeon (9/15)             Temple (1/1) D:7             Orc (0/2) D:9
   Lair: D:8-11

Altars:
Ashenzari
Cheibriados
Dithmenos
Elyvilon
Fedhas
Gozag
Hepliaklqana
Kikubaaqudgha
Makhleb
Nemelex Xobeh
Okawaru
Qazlal
Ru
Sif Muna
Trog
Uskayaw
Vehumet
Xom
Yredelemnul
Zin
The Shining One

Annotations:
D:7 exclusion: oklob plant


Innate Abilities, Weirdness & Mutations

You do not eat or drink.
Your flesh is vulnerable to fire.
You are immune to poison.
Your flesh is cold resistant. (rC+)
You are immune to negative energy. (rN+++)
You are immune to unholy pain and torment.
You can survive without breathing.


Message History

Confirm with . or Enter, or press ? or * to list all spells.
Aiming: Vampiric Draining
Press: ? - help, Shift-Dir - straight line, f/p - deep elf mage
Aim: a deep elf mage, wielding a dagger (moderately wounded)
The deep elf mage is heavily wounded.
You feel life coursing into your body. The deep elf mage closely misses you.
Casting: Vampiric Draining
Confirm with . or Enter, or press ? or * to list all spells.
You don't have enough magic to cast that spell.
You hit the deep elf mage. You freeze the deep elf mage.
The deep elf mage is severely wounded.
The deep elf mage mumbles some strange words.
The deep elf mage blinks!
The deep elf mage gestures wildly while chanting.
The deep elf mage blinks!
The deep elf mage points at you and mumbles some strange words.
The bolt of lightning hits you!
* * * LOW HITPOINT WARNING * * *
The bolt of lightning hits you!
You die...

#.#.........# #.# .
#.......#'#.## #.####.
#.##....#.#..# #.##...
##).)###..# #.##...
#..)))..)## #.##...
##.......)####.##...
####.....).†...#..'...
#.§'.......e..)..##...
#.###@........#####...
#..(#........## #...
#...#####..### ###.
#e..##..#.## #.
##'###..'.# #. ..
#..### #. .. #..# #.
..##### ##


You could see a deep elf mage.

Vanquished Creatures
  Pikel (D:7)
  Grinder (D:5)
  Prince Ribbit (D:5)
  A hippogriff (D:7)
  A wyvern (D:9)
  3 ice beasts
  An orc warrior (D:9)
  2 sky beasts (D:9)
  A necrophage (D:6)
  2 crocodiles (D:7)
  5 ogres
  A centaur (D:4)
  2 big kobolds (D:9)
  4 bullfrogs
  A wyvern zombie (D:9)
  A water moccasin zombie (D:7)
  2 scorpions
  5 killer bees
  6 wights
  2 electric eels (D:9)
  A crimson imp (D:8)
  7 jellies (D:7)
  A bullfrog skeleton (D:5)
  A bullfrog zombie (D:3)
  A gnoll shaman (D:4)
  6 hounds
  8 orc priests
  2 iguanas (D:5)
  3 orc wizards
  7 worker ants
  A hound zombie (D:9)
  2 hound skeletons
  15 gnolls
  12 adders
  2 shadow imps
  11 oozes (D:7)
  An adder zombie (D:8)
  3 adder skeletons
  4 worms
  8 leopard geckos
  25 orcs
  2 ball pythons (D:1)
  A bat (D:1)
  10 giant cockroaches
  5 goblins
  8 hobgoblins
  14 kobolds
  6 quokkas
  9 frilled lizards
  A jackal skeleton (D:4)
  A jackal zombie (D:5)
  A leopard gecko zombie (D:7)
  A quokka skeleton (D:8)
  5 rats
228 creatures vanquished.

Vanquished Creatures (collateral kills)
  A centaur (D:8)
  4 wights (D:8)
5 creatures vanquished.

Vanquished Creatures (others)
  A slave (D:7)
  2 oozes (D:7)
  An orc (D:7)
  6 fungi (D:7)
  2 plants (D:9)
12 creatures vanquished.

Grand Total: 245 creatures vanquished

Notes
Turn   | Place    | Note
-------+----------+-------------------------------------------
     0 | D:1      | Alarkh the Mummy Necromancer began the quest for the Orb.
     0 | D:1      | Reached XP level 1. HP: 13/13 MP: 3/3
   217 | D:1      | Reached XP level 2. HP: 18/19 MP: 0/5
   412 | D:1      | Reached XP level 3. HP: 18/24 MP: 0/7
   417 | D:1      | Learned a level 3 spell: Vampiric Draining
   934 | D:2      | Found a blossoming altar of Fedhas.
  1385 | D:2      | Reached XP level 4. HP: 30/30 MP: 2/8
  1529 | D:2      | Reached skill level 5 in Necromancy
  1823 | D:3      | Reached XP level 5. HP: 27/35 MP: 10/10
  2178 | D:3      | Found a sparkling altar of Nemelex Xobeh.
  2370 | D:3      | Reached XP level 6. HP: 38/41 MP: 7/12
  2664 | D:4      | Reached skill level 5 in Spellcasting
  2783 | D:4      | Reached XP level 7. HP: 17/46 MP: 3/14
  3397 | D:5      | Entered Level 5 of the Dungeon
  3397 | D:5      | Noticed Grinder
  3692 | D:5      | Found an iron altar of Okawaru.
  3700 | D:5      | Became a worshipper of Warmaster Okawaru
  4144 | D:5      | Reached skill level 1 in Armour
  4280 | D:5      | Killed Grinder
  4280 | D:5      | Reached skill level 1 in Fighting
  4280 | D:5      | Reached XP level 8. HP: 55/56 MP: 16/16
  4421 | D:5      | Noticed Prince Ribbit
  4565 | D:5      | Killed Prince Ribbit
  4565 | D:5      | Reached * piety under Okawaru
  5182 | D:6      | Reached ** piety under Okawaru
  5556 | D:7      | Found a staircase to the Ecumenical Temple.
  5589 | Temple   | Entered the Ecumenical Temple
  5712 | D:7      | Reached XP level 9. HP: 53/66 MP: 8/17
  5888 | D:7      | Found a sacrificial altar of Ru.
  5925 | D:7      | Found a hazy altar of Hepliaklqana.
  6184 | D:7      | Reached skill level 5 in Fighting
  6459 | D:7      | Reached *** piety under Okawaru
  6459 | D:7      | Reached skill level 5 in Dodging
  6523 | D:7      | Noticed an oklob plant
  6687 | D:7      | Noticed Pikel
  6721 | D:7      | Killed Pikel
  6721 | D:7      | Reached skill level 5 in Armour
  7258 | D:8      | Learned a level 4 spell: Control Undead
  7397 | D:8      | Reached **** piety under Okawaru
  7541 | D:8      | Reached XP level 10. HP: 72/77 MP: 9/18
  7621 | D:8      | Reached skill level 1 in Long Blades
  7964 | D:9      | Found a shattered altar of Ashenzari.
  8093 | D:9      | Found a staircase to the Orcish Mines.
  8960 | D:9      | Noticed a deep elf mage
  8970 | D:9      | Killed from afar by a deep elf mage

Vault maps used:
D:1:      saegor_arrival_simple_a
D:2:      fedhas_altar_1, kennysheep_generic_room_12
D:3:      nemelex_xobeh_ov_fountains_minmay
D:4:      first_bread
D:5:      overflow_temple_1_default, minmay_lizard_king, uniq_grinder,
          uniq_prince_ribbit1
D:7:      lemuel_slime, marbit_many_paths, kennysheep_little_box, uniq_pikel
D:9:      wad_cavern_with_rooms, lemuel_crystal_altar, orc_0_dummy,
          hangedman_little_slice_of_home, minmay_misc_feat_rows,
          grunt_gozag_statues
Temple:   lightli_temple_of_artemis

Skill      XL: |  1  2  3  4  5  6  7  8  9 10 |
---------------+-------------------------------+-----
Spellcasting   | 3 4 5 |  5.7
Necromancy     | 5 6 7 |  7.0
Dodging        | 2 4 5 6 |  6.4
Armour         | 1 3 5 |  5.9
Fighting       | 1 4 6 7 |  7.0
Long Blades    | 2 |  2.5
Stealth        | |  1.5

Action                   |  1- 3 |  4- 6 |  7- 9 | 10-12 || total
-------------------------+-------+-------+-------+-------++-------
Melee: Short sword       |     2 |       |       |       ||     2
       Flail             |    12 |    38 |   185 |    43 ||   278
       Dagger            |       |    15 |       |       ||    15
       Hand axe          |       |     4 |       |       ||     4
       Long sword        |       |       |       |    53 ||    53
 Cast: Pain              |    59 |   123 |   218 |    55 ||   455
       Vampiric Draining |       |       |    49 |    17 ||    66
       Control Undead    |       |       |       |     1 ||     1
Invok: Heroism           |       |       |     1 |     2 ||     3
Evoke: Wand              |       |       |    12 |       ||    12
  Use: Scroll            |     2 |       |    11 |     3 ||    16
 Stab: Sleeping          |     1 |     4 |     3 |     1 ||     9
       Confused          |       |       |     2 |       ||     2
       Distracted        |       |       |       |     1 ||     1
Armor: Robe              |     5 |    16 |    74 |    30 ||   125
Dodge: Dodged            |    30 |    64 |   243 |    96 ||   433
       Rpst.: Long sword |       |       |       |    18 ||    18
